Blackhawks vs Jets
(R1)
Created - 28 mai 2013 at 19:05
Goals
|
| Blackhawks |
2 |
3 |
1 |
6 |
| Jets |
4 |
1 |
2 |
7 |
|
Shots
|
| Blackhawks |
8 |
15 |
9 |
32 |
| Jets |
12 |
4 |
9 |
25 |
|
1st period
1. Jets , Pavel Kubina 2 (Shane Doan, Jason Allison) at 1:54 (PP)
2. Jets , Shane Doan 3 (Bryce Salvador, Jason Allison) at 2:51
3. Blackhawks , Joe Sakic 3 (Nicklas Lidstrom, Kristopher Letang) at 7:06 (PP)
4. Blackhawks , Alexei Kovalev 5 (Kris Versteeg, Joe Sakic) at 7:16
5. Jets , Keith Tkachuk 2 (Adam Burish, Jason Arnott) at 15:59
6. Jets , Benoit Pouliot 1 (Jason Allison, Shane Doan) at 17:24
Penalties :
Francis Bouillon (Chi) for Interference (Minor) at 1:40, Daniel Carcillo (Chi) for Hooking (Minor) at 3:30, Shane Doan (Win) for Hooking (Minor) at 7:00, Benoit Pouliot (Win) for Interference (Minor) at 8:26, Kristopher Letang (Chi) for Interference (Minor) at 17:54
2nd period
7. Blackhawks , Scott Gomez 1 (Nicklas Lidstrom, Kristopher Letang) at 9:07
8. Blackhawks , Hnat Domenichelli 2 (Scott Gomez, Craig Rivet) at 9:45
9. Jets , Pavel Kubina 3 (Keith Tkachuk, Dmitri Kalinin) at 13:17 (PP)
10. Blackhawks , Joe Sakic 4 (Kris Versteeg) at 17:28
Penalties :
Kris Versteeg (Chi) for High sticking (Minor) at 12:40, Benoit Pouliot (Win) for Hooking (Minor) at 19:46
3rd period
11. Jets , Tuomo Ruutu 2 (Niklas Kronwall, Mike Leclerc) at 11:37
12. Blackhawks , Sergei Shirokov 1 (Steve McCarthy, Chris Gratton) at 14:47
13. Jets , Jason Allison 4 (Benoit Pouliot) at 14:53
Penalties :
Jussi Jokinen (Win) for Hooking (Minor) at 4:42, Jeff Schultz (Win) for High sticking (Minor) at 12:34, Nicklas Lidstrom (Chi) for Hooking (Minor) at 19:17, Colby Armstrong (Chi) for Holding Stick (Minor) at 19:26
Goalie Stats
Jocelyn Thibault (Chi), 10 saves from 13 shots - (0,769), L, 2-2-1, 42:36 minutes
Tyler Weiman (Chi), 8 saves from 12 shots - (0,667), 17:24 minutes
Ilya Bryzgalov (Win), 26 saves from 32 shots - (0,813), W, 2-0-0, 60:00 minutes
Players Stats for Blackhawks
Player Name G A P +/- PIM S H SB GA TA FO MP PP MP PK MP
------------------------------------------------------------------------------------
Alexei Kovalev 1 0 1 0 0 5 3 0 0 0 0/0 20:19 4:36 0:00
Brad Ference 0 0 0 -3 0 0 0 1 0 0 0/0 14:30 0:00 1:28
Brooks Laich 0 0 0 -1 0 1 1 0 1 0 2/3 11:31 3:19 0:49
Chris Clark 0 0 0 -1 0 1 1 1 0 0 0/0 7:37 0:07 0:00
Chris Gratton 0 1 1 0 0 1 3 0 2 0 3/8 14:02 0:16 2:50
Colby Armstrong 0 0 0 1 2 0 1 1 0 0 0/1 15:01 0:00 2:53
Craig Rivet 0 1 1 0 0 0 0 5 1 0 0/0 18:31 0:00 3:42
Daniel Carcillo 0 0 0 -1 2 2 1 1 2 0 0/0 7:51 0:00 0:23
Francis Bouillon 0 0 0 -2 2 1 0 1 0 0 0/0 17:15 3:06 1:49
Hnat Domenichelli 1 0 1 1 0 3 2 0 0 0 1/3 17:19 3:19 1:30
Joe Sakic 2 1 3 0 0 5 1 0 1 1 16/32 20:43 4:27 0:33
Kris Versteeg 0 2 2 0 2 3 1 0 1 0 2/3 20:18 4:36 0:00
Kristopher Letang 0 2 2 2 2 2 1 0 0 2 0/0 24:42 4:56 0:48
Loui Eriksson 0 0 0 0 0 1 1 0 0 0 0/0 11:03 0:07 0:00
Nicklas Lidstrom 0 2 2 2 2 2 4 3 1 4 0/0 24:52 4:56 0:02
Scott Gomez 1 1 2 1 0 4 3 3 1 0 5/8 17:19 3:19 1:30
Sergei Shirokov 1 0 1 0 0 1 0 1 0 1 0/0 10:44 0:00 0:00
Steve McCarthy 0 1 1 1 0 0 1 2 0 0 0/0 20:13 3:06 3:13
Players Stats for Jets
Player Name G A P +/- PIM S H SB GA TA FO MP PP MP PK MP
------------------------------------------------------------------------------------
Adam Burish 0 1 1 -2 0 3 0 1 1 0 0/0 16:20 0:01 1:21
Benoit Pouliot 1 1 2 2 4 3 0 1 1 1 2/2 18:38 3:02 1:01
Bryce Salvador 0 1 1 -2 0 1 1 5 0 1 0/0 23:34 0:00 4:40
Colin White 0 0 0 0 0 1 2 0 0 0 0/0 15:08 0:00 3:22
Darroll Powe 0 0 0 0 0 0 1 0 0 0 0/1 10:24 0:01 0:11
David Vyborny 0 0 0 1 0 0 0 0 0 0 0/0 6:59 0:00 0:00
Dmitri Kalinin 0 1 1 -2 0 0 1 1 1 1 0/0 28:46 3:46 4:40
Jason Allison 1 3 4 2 0 2 0 1 0 0 12/24 17:19 3:02 0:00
Jason Arnott 0 1 1 -3 0 1 2 1 0 1 13/25 21:10 2:28 4:21
Jeff Schultz 0 0 0 1 2 0 2 1 0 0 0/0 21:16 1:45 2:36
Jussi Jokinen 0 0 0 0 2 1 2 0 0 1 0/0 11:08 0:01 0:26
Keith Tkachuk 1 1 2 -2 0 1 4 0 2 0 1/1 19:10 2:28 2:09
Martin Erat 0 0 0 0 0 4 0 0 0 1 0/0 12:18 2:28 0:00
Mike Leclerc 0 1 1 0 0 0 0 0 0 0 0/0 11:40 0:00 4:26
Niklas Kronwall 0 1 1 0 0 0 1 2 1 0 0/0 13:26 1:45 0:00
Pavel Kubina 2 0 2 2 0 2 1 1 2 3 0/0 18:03 3:46 0:46
Shane Doan 1 2 3 2 2 5 4 0 0 1 0/0 17:18 3:02 0:00
Tuomo Ruutu 1 0 1 1 0 1 3 0 0 0 1/5 9:16 0:00 2:09
3 Stars
1 - Jason Allison (Win)
2 - Pavel Kubina (Win)
3 - Joe Sakic (Chi)
Power Play
Blackhawks - 1 on 5 Attempt(s) - 20,00%
Jets - 2 on 6 Attempt(s) - 33,33%
Penalty Kill
Blackhawks - 4 on 6 Attempt(s) - 66,67%
- Score 0 goal in Penalty Kill
Jets - 4 on 5 Attempt(s) - 80,00%
- Score 0 goal in Penalty Kill
Official
Referees : O'Rourke Dan and Walkom Stephen
Linesman : Mark Wheler and Pierre Racicot
Game Notes
Jocelyn Thibault enters game at 17:24 of 1st period
Finance
Level 1 -- Attendance: 6000 (100,00%) -- Ticket Income 540 000 $
Level 2 -- Attendance: 4357 (87,14%) -- Ticket Income 239 635 $
Level 3 -- Attendance: 2000 (100,00%) -- Ticket Income 62 000 $
Level 4 -- Attendance: 3598 (89,95%) -- Ticket Income 75 558 $
Luxury Box -- Attendance: 973 (97,30%) -- Ticket Income 165 410 $
Game was played at the MTS Center
Total Attendance: 16928 (94,04%)
Total Ticket Income: 1 082 603 $
Other Income: 54 130 $
Total Income: 1 136 733 $
Blackhawks
5 vs 5 Forward
Center Left Wing Right Wing Time % Phy DF OF
1 Joe Sakic Kris Versteeg Alexei Kovalev 40 1 2 2
2 Scott Gomez Hnat Domenichelli Colby Armstrong 30 1 2 2
3 Chris Gratton Loui Eriksson Sergei Shirokov 20 1 2 2
4 Brooks Laich Daniel Carcillo Chris Clark 10 1 2 2
5 vs 5 Defense
Defense Defense Time % Phy DF OF
1 Nicklas Lidstrom Kristopher Letang 40 1 2 2
2 Craig Rivet Steve McCarthy 30 1 2 2
3 Francis Bouillon Brad Ference 20 1 2 2
4 Nicklas Lidstrom Kristopher Letang 10 1 2 2
PowerPlay Forward
Center Left Wing Right Wing Time % Phy DF OF
1 Joe Sakic Kris Versteeg Alexei Kovalev 60 1 2 2
2 Scott Gomez Hnat Domenichelli Brooks Laich 40 1 2 2
PowerPlay Defense
Defense Defense Time % Phy DF OF
1 Nicklas Lidstrom Kristopher Letang 60 1 2 2
2 Francis Bouillon Steve McCarthy 40 1 2 2
Penalty Kill 4 Players Forward
Center Wing Time % Phy DF OF
1 Chris Gratton Colby Armstrong 60 1 2 2
2 Scott Gomez Hnat Domenichelli 40 1 2 2
Penalty Kill 4 Players Defense
Defense Defense Time % Phy DF OF
1 Steve McCarthy Craig Rivet 60 1 2 2
2 Francis Bouillon Kristopher Letang 40 1 2 2
Penalty Kill - 3 Players Forward
Forward Time % Phy DF OF
1 Joe Sakic 60 1 2 2
2 Kris Versteeg 40 1 2 2
Penalty Kill - 3 Players Defense
Defense Defense Time % Phy DF OF
1 Nicklas Lidstrom Craig Rivet 60 1 2 2
2 Francis Bouillon Steve McCarthy 40 1 2 2
4 vs 4 Forward
Center Wing Time % Phy DF OF
1 Joe Sakic Kris Versteeg 60 1 2 2
2 Scott Gomez Alexei Kovalev 40 1 2 2
4 vs 4 Defense
Defense Defense Time % Phy DF OF
1 Nicklas Lidstrom Craig Rivet 60 1 2 2
2 Kristopher Letang Steve McCarthy 40 1 2 2
Last Minutes Offensive
Center Left Wing Right Wing Defense Defense
Joe Sakic Kris Versteeg Alexei Kovalev Nicklas Lidstrom Craig Rivet
Last Minutes Defensive
Center Left Wing Right Wing Defense Defense
Joe Sakic Kris Versteeg Alexei Kovalev Nicklas Lidstrom Craig Rivet
Goaltenders
Starting : Tyler Weiman
Backup : Jocelyn Thibault
Extra Forwards
Normal : Chris Gratton, Loui Eriksson, Brooks Laich - PP : Chris Gratton, Loui Eriksson - PK : Brooks Laich
Extra Defensemen
Normal : Kristopher Letang, Brad Ference, Francis Bouillon - PP : Kristopher Letang - PK : Brad Ference, Francis Bouillon
Penalty Shots
Joe Sakic, Kris Versteeg, Alexei Kovalev, Scott Gomez, Hnat Domenichelli
Jets
5 vs 5 Forward
Center Left Wing Right Wing Time % Phy DF OF
1 Jason Arnott Keith Tkachuk Adam Burish 35 1 2 2
2 Jason Allison Benoit Pouliot Shane Doan 35 1 1 3
3 Darroll Powe Jussi Jokinen Martin Erat 20 1 1 3
4 Tuomo Ruutu Mike Leclerc David Vyborny 10 1 2 2
5 vs 5 Defense
Defense Defense Time % Phy DF OF
1 Bryce Salvador Dmitri Kalinin 40 2 2 1
2 Pavel Kubina Jeff Schultz 30 2 2 1
3 Colin White Niklas Kronwall 20 1 2 2
4 Jeff Schultz Dmitri Kalinin 10 2 2 1
PowerPlay Forward
Center Left Wing Right Wing Time % Phy DF OF
1 Jason Allison Benoit Pouliot Shane Doan 60 0 0 5
2 Jason Arnott Keith Tkachuk Martin Erat 40 0 0 5
PowerPlay Defense
Defense Defense Time % Phy DF OF
1 Dmitri Kalinin Pavel Kubina 60 0 1 4
2 Niklas Kronwall Jeff Schultz 40 0 2 3
Penalty Kill 4 Players Forward
Center Wing Time % Phy DF OF
1 Jason Arnott Mike Leclerc 60 0 4 1
2 Tuomo Ruutu Keith Tkachuk 40 0 4 1
Penalty Kill 4 Players Defense
Defense Defense Time % Phy DF OF
1 Dmitri Kalinin Bryce Salvador 60 1 4 0
2 Colin White Jeff Schultz 40 1 4 0
Penalty Kill - 3 Players Forward
Forward Time % Phy DF OF
1 Keith Tkachuk 60 0 4 1
2 Jason Arnott 40 0 4 1
Penalty Kill - 3 Players Defense
Defense Defense Time % Phy DF OF
1 Dmitri Kalinin Bryce Salvador 60 1 2 2
2 Colin White Jeff Schultz 40 1 2 2
4 vs 4 Forward
Center Wing Time % Phy DF OF
1 Jason Allison Shane Doan 60 1 2 2
2 Jason Arnott Benoit Pouliot 40 1 2 2
4 vs 4 Defense
Defense Defense Time % Phy DF OF
1 Dmitri Kalinin Jeff Schultz 60 1 2 2
2 Bryce Salvador Pavel Kubina 40 1 2 2
Last Minutes Offensive
Center Left Wing Right Wing Defense Defense
Jason Allison Benoit Pouliot Shane Doan Pavel Kubina Dmitri Kalinin
Last Minutes Defensive
Center Left Wing Right Wing Defense Defense
Jason Arnott Adam Burish Keith Tkachuk Bryce Salvador Dmitri Kalinin
Goaltenders
Starting : Ilya Bryzgalov
Backup : Maxime Daigneault
Extra Forwards
Normal : Jussi Jokinen, Benoit Pouliot, Keith Tkachuk - PP : Shane Doan, Benoit Pouliot - PK : Adam Burish
Extra Defensemen
Normal : Colin White, Jeff Schultz, Dmitri Kalinin - PP : Pavel Kubina - PK : Dmitri Kalinin, Pavel Kubina
Penalty Shots
Jason Arnott, Benoit Pouliot, Keith Tkachuk, Shane Doan, Jason Allison
% Time on Ice - Blackhawks
Lines # - Real PCT - Wanted PCT - Time Play
Normal Forward
1 - 34% - 40% - 15:23
2 - 27% - 30% - 12:30
3 - 23% - 20% - 10:44
4 - 16% - 10% - 7:18
Normal Defense
1 - 40% - 40% - 18:14
2 - 32% - 30% - 14:42
3 - 26% - 20% - 11:56
4 - 2% - 10% - 1:03
PP Forward
1 - 59% - 60% - 4:43
2 - 41% - 40% - 3:19
PP Defense
1 - 61% - 60% - 4:56
2 - 39% - 40% - 3:06
PK Forward
1 - 70% - 60% - 3:28
2 - 30% - 40% - 1:30
PK Defense
1 - 64% - 60% - 3:10
2 - 36% - 40% - 1:48
PK3 Forward
1 - 100% - 60% - 0:33
2 - 0% - 40% - 0:00
PK3 Defense
1 - 91% - 60% - 0:30
2 - 9% - 40% - 0:03
44 Forward
1 - 0% - 60%
2 - 0% - 40%
44 Defense
1 - 0% - 60%
2 - 0% - 40%
Last Minute Offensive - 0:32
Last Minute Defensive - 0:00
Total
Forward - 60:00
Defense - 60:00
|
% Time on Ice - Jets
Lines # - Real PCT - Wanted PCT - Time Play
Normal Forward
1 - 31% - 35% - 14:16
2 - 32% - 35% - 14:35
3 - 22% - 20% - 10:06
4 - 15% - 10% - 6:59
Normal Defense
1 - 38% - 40% - 17:24
2 - 34% - 30% - 15:38
3 - 23% - 20% - 10:29
4 - 5% - 10% - 2:25
PP Forward
1 - 55% - 60% - 3:03
2 - 45% - 40% - 2:28
PP Defense
1 - 68% - 60% - 3:46
2 - 32% - 40% - 1:45
PK Forward
1 - 73% - 60% - 5:53
2 - 27% - 40% - 2:09
PK Defense
1 - 58% - 60% - 4:40
2 - 42% - 40% - 3:22
PK3 Forward
1 - 0% - 60%
2 - 0% - 40%
PK3 Defense
1 - 0% - 60%
2 - 0% - 40%
44 Forward
1 - 0% - 60%
2 - 0% - 40%
44 Defense
1 - 0% - 60%
2 - 0% - 40%
Last Minute Offensive - 0:00
Last Minute Defensive - 0:31
Total
Forward - 60:00
Defense - 60:00
|
Play by Play
1st period
0:01 of 1st period - Jason Arnott wins face-off versus Joe Sakic in neutral zone.
0:12 of 1st period - Snap shot by Kris Versteeg.
0:12 of 1st period - Stopped by Ilya Bryzgalov without a rebound.
0:13 of 1st period - Benoit Pouliot wins face-off versus Scott Gomez in Jets zone.
0:22 of 1st period - Snap shot by Jason Allison.
0:22 of 1st period - Shot Blocked by Colby Armstrong.
0:52 of 1st period - Wrist shot by Chris Gratton.
0:52 of 1st period - Shot Misses the Net.
1:08 of 1st period - Snap shot by Adam Burish.
1:08 of 1st period - Shot Blocked by Daniel Carcillo.
1:10 of 1st period - Snap shot by Jason Arnott.
1:10 of 1st period - Stopped by Tyler Weiman without a rebound.
1:11 of 1st period - Joe Sakic wins face-off versus Tuomo Ruutu in Blackhawks zone.
1:36 of 1st period - Bryce Salvador is hit by Colby Armstrong and loses puck.
1:40 of 1st period - Minor Penalty to Francis Bouillon for Interference.
1:41 of 1st period - Jason Allison wins face-off versus Chris Gratton in Blackhawks zone.
1:52 of 1st period - Snap shot by Shane Doan.
1:52 of 1st period - Shot Blocked by Steve McCarthy.
1:54 of 1st period - Slapshot by Pavel Kubina.
1:54 of 1st period - Deflect By Craig Rivet.
1:54 of 1st period - Goal by Pavel Kubina - Blackhawks : 0 - Jets : 1.
1:55 of 1st period - Kris Versteeg wins face-off versus Jason Arnott in neutral zone.
2:27 of 1st period - Slapshot by Chris Gratton.
2:27 of 1st period - Deflect By Loui Eriksson.
2:27 of 1st period - Shot Misses the Net.
2:27 of 1st period - Puck is out of play.
2:28 of 1st period - Jason Allison wins face-off versus Chris Gratton in Jets zone.
2:45 of 1st period - Snap shot by Jason Allison.
2:45 of 1st period - Stopped by Tyler Weiman with a rebound.
2:47 of 1st period - Wrist shot by Shane Doan.
2:47 of 1st period - Shot Blocked by Francis Bouillon.
2:49 of 1st period - Slapshot by Bryce Salvador.
2:49 of 1st period - Shot Misses the Net.
2:51 of 1st period - Wrist shot by Shane Doan.
2:51 of 1st period - Goal by Shane Doan - Blackhawks : 0 - Jets : 2.
2:52 of 1st period - Jason Arnott wins face-off versus Scott Gomez in neutral zone.
3:05 of 1st period - Snap shot by Hnat Domenichelli.
3:05 of 1st period - Shot Blocked by Jason Arnott.
3:17 of 1st period - Kris Versteeg is hit by Jeff Schultz.
3:23 of 1st period - Snap shot by Alexei Kovalev.
3:23 of 1st period - Stopped by Ilya Bryzgalov with a rebound.
3:25 of 1st period - Slapshot by Joe Sakic.
3:25 of 1st period - Stopped by Ilya Bryzgalov without a rebound.
3:26 of 1st period - Jason Allison wins face-off versus Brooks Laich in Jets zone.
3:30 of 1st period - Minor Penalty to Daniel Carcillo for Hooking.
3:31 of 1st period - Chris Gratton wins face-off versus Jason Allison in Blackhawks zone.
3:56 of 1st period - Dmitri Kalinin is hit by Hnat Domenichelli and loses puck.
5:30 of 1st period - Penalty to Daniel Carcillo is over, Daniel Carcillo is back on ice.
6:44 of 1st period - Bryce Salvador is hit by Scott Gomez and loses puck.
7:00 of 1st period - Minor Penalty to Shane Doan for Hooking.
7:01 of 1st period - Joe Sakic wins face-off versus Jason Arnott in Jets zone.
7:02 of 1st period - Slapshot by Kris Versteeg.
7:02 of 1st period - Shot Misses the Net.
7:04 of 1st period - Slapshot by Kristopher Letang.
7:04 of 1st period - Shot Misses the Net.
7:06 of 1st period - Slapshot by Nicklas Lidstrom.
7:06 of 1st period - Deflect By Joe Sakic.
7:06 of 1st period - Goal by Joe Sakic - Blackhawks : 1 - Jets : 2.
7:07 of 1st period - Jason Arnott wins face-off versus Joe Sakic in neutral zone.
7:16 of 1st period - Slapshot by Alexei Kovalev.
7:16 of 1st period - Goal by Alexei Kovalev - Blackhawks : 2 - Jets : 2.
7:17 of 1st period - Joe Sakic wins face-off versus Jason Arnott in neutral zone.
7:20 of 1st period - Slapshot by Joe Sakic.
7:20 of 1st period - Shot Misses the Net.
7:47 of 1st period - Slapshot by Dmitri Kalinin.
7:47 of 1st period - Shot Blocked by Scott Gomez.
7:49 of 1st period - Backhand shot by Benoit Pouliot.
7:49 of 1st period - Deflect By Shane Doan.
7:49 of 1st period - Shot Blocked by Nicklas Lidstrom.
7:49 of 1st period - Puck is out of play.
7:50 of 1st period - Jason Allison wins face-off versus Hnat Domenichelli in Blackhawks zone.
7:51 of 1st period - Wrist shot by Benoit Pouliot.
7:51 of 1st period - Stopped by Tyler Weiman with a rebound.
8:24 of 1st period - Wrist shot by Sergei Shirokov.
8:24 of 1st period - Shot Misses the Net.
8:26 of 1st period - Snap shot by Chris Gratton.
8:26 of 1st period - Stopped by Ilya Bryzgalov without a rebound.
8:26 of 1st period - Minor Penalty to Benoit Pouliot for Interference.
8:27 of 1st period - Jason Arnott wins face-off versus Joe Sakic in Jets zone.
8:27 of 1st period - Jason Arnott is hit by Alexei Kovalev.
9:03 of 1st period - Off-side.
9:04 of 1st period - Joe Sakic wins face-off versus Tuomo Ruutu in neutral zone.
10:24 of 1st period - Scott Gomez is hit by Keith Tkachuk and loses puck.
10:26 of 1st period - Penalty to Benoit Pouliot is over, Benoit Pouliot is back on ice.
10:45 of 1st period - Snap shot by Jussi Jokinen.
10:45 of 1st period - Deflect By Martin Erat.
10:45 of 1st period - Stopped by Tyler Weiman with a rebound.
10:47 of 1st period - Slapshot by Dmitri Kalinin.
10:47 of 1st period - Shot Blocked by Steve McCarthy.
10:49 of 1st period - Snap shot by Martin Erat.
10:49 of 1st period - Stopped by Tyler Weiman without a rebound.
10:50 of 1st period - Brooks Laich wins face-off versus Jason Allison in Blackhawks zone.
11:24 of 1st period - Wrist shot by Keith Tkachuk.
11:24 of 1st period - Deflect By Adam Burish.
11:24 of 1st period - Shot Misses the Net.
11:24 of 1st period - Puck is out of play.
11:25 of 1st period - Jason Allison wins face-off versus Joe Sakic in Blackhawks zone.
11:52 of 1st period - Wrist shot by Scott Gomez.
11:52 of 1st period - Stopped by Ilya Bryzgalov without a rebound.
11:53 of 1st period - Jason Arnott wins face-off versus Colby Armstrong in Jets zone.
12:06 of 1st period - Snap shot by Jason Arnott.
12:06 of 1st period - Deflect By Adam Burish.
12:06 of 1st period - Shot Blocked by Scott Gomez.
12:06 of 1st period - Puck is out of play.
12:07 of 1st period - Joe Sakic wins face-off versus Jason Arnott in Blackhawks zone.
12:19 of 1st period - Snap shot by Alexei Kovalev.
12:19 of 1st period - Shot Misses the Net.
12:21 of 1st period - Wrist shot by Kris Versteeg.
12:21 of 1st period - Stopped by Ilya Bryzgalov with a rebound.
12:23 of 1st period - Slapshot by Kristopher Letang.
12:23 of 1st period - Shot Blocked by Dmitri Kalinin.
12:33 of 1st period - Dmitri Kalinin is hit by Nicklas Lidstrom and loses puck.
13:21 of 1st period - Daniel Carcillo is hit by Tuomo Ruutu and loses puck.
14:19 of 1st period - Darroll Powe is hit by Loui Eriksson and loses puck.
14:34 of 1st period - Joe Sakic is hit by Colin White.
15:20 of 1st period - Snap shot by Scott Gomez.
15:20 of 1st period - Shot Blocked by Jason Allison.
15:22 of 1st period - Snap shot by Scott Gomez.
15:22 of 1st period - Shot Misses the Net.
15:24 of 1st period - Wrist shot by Colby Armstrong.
15:24 of 1st period - Shot Misses the Net.
15:26 of 1st period - Wrist shot by Hnat Domenichelli.
15:26 of 1st period - Shot Blocked by Jeff Schultz.
15:57 of 1st period - Snap shot by Adam Burish.
15:57 of 1st period - Stopped by Tyler Weiman with a rebound.
15:59 of 1st period - Snap shot by Keith Tkachuk.
15:59 of 1st period - Goal by Keith Tkachuk - Blackhawks : 2 - Jets : 3.
16:00 of 1st period - Joe Sakic wins face-off versus Jason Arnott in neutral zone.
16:27 of 1st period - Snap shot by Jussi Jokinen.
16:27 of 1st period - Deflect By Martin Erat.
16:27 of 1st period - Stopped by Tyler Weiman with a rebound.
16:29 of 1st period - Snap shot by Jussi Jokinen.
16:29 of 1st period - Stopped by Tyler Weiman without a rebound.
16:30 of 1st period - Scott Gomez wins face-off versus Darroll Powe in Blackhawks zone.
16:44 of 1st period - Wrist shot by Colby Armstrong.
16:44 of 1st period - Shot Misses the Net.
16:46 of 1st period - Wrist shot by Colby Armstrong.
16:46 of 1st period - Shot Misses the Net.
17:24 of 1st period - Slapshot by Benoit Pouliot.
17:24 of 1st period - Goal by Benoit Pouliot - Blackhawks : 2 - Jets : 4.
17:24 of 1st period - Jocelyn Thibault enters game.
17:25 of 1st period - Keith Tkachuk wins face-off versus Joe Sakic in neutral zone.
17:28 of 1st period - Joe Sakic is hit by Keith Tkachuk and loses puck.
17:33 of 1st period - Slapshot by Jason Arnott.
17:33 of 1st period - Shot Misses the Net.
17:35 of 1st period - Slapshot by Bryce Salvador.
17:35 of 1st period - Deflect By Jason Arnott.
17:35 of 1st period - Shot Misses the Net.
17:35 of 1st period - Puck is out of play.
17:36 of 1st period - Jason Arnott wins face-off versus Joe Sakic in Blackhawks zone.
17:54 of 1st period - Minor Penalty to Kristopher Letang for Interference.
17:55 of 1st period - Chris Gratton wins face-off versus Jason Allison in Blackhawks zone.
18:22 of 1st period - Chris Gratton is hit by Pavel Kubina and loses puck.
19:08 of 1st period - Jason Allison is hit by Brooks Laich and loses puck.
19:54 of 1st period - Penalty to Kristopher Letang is over, Kristopher Letang is back on ice.
2nd period
0:01 of 2nd period - Joe Sakic wins face-off versus Jason Allison in neutral zone.
0:10 of 2nd period - Slapshot by Alexei Kovalev.
0:10 of 2nd period - Stopped by Ilya Bryzgalov with a rebound.
0:12 of 2nd period - Wrist shot by Alexei Kovalev.
0:12 of 2nd period - Stopped by Ilya Bryzgalov without a rebound.
0:13 of 2nd period - Kris Versteeg wins face-off versus Jason Arnott in Jets zone.
0:49 of 2nd period - Slapshot by Jason Allison.
0:49 of 2nd period - Shot Misses the Net.
1:07 of 2nd period - Snap shot by Martin Erat.
1:07 of 2nd period - Shot Blocked by Nicklas Lidstrom.
1:39 of 2nd period - Dmitri Kalinin is hit by Alexei Kovalev and loses puck.
1:50 of 2nd period - Snap shot by Jason Arnott.
1:50 of 2nd period - Deflect By Keith Tkachuk.
1:50 of 2nd period - Shot Blocked by Craig Rivet.
1:50 of 2nd period - Puck is out of play.
1:51 of 2nd period - Hnat Domenichelli wins face-off versus Jason Allison in Blackhawks zone.
3:48 of 2nd period - Snap shot by Jussi Jokinen.
3:48 of 2nd period - Shot Misses the Net.
4:30 of 2nd period - Hnat Domenichelli is hit by Shane Doan and loses puck.
5:39 of 2nd period - Keith Tkachuk is hit by Kristopher Letang and loses puck.
6:40 of 2nd period - Chris Gratton is hit by Jason Arnott.
6:48 of 2nd period - Wrist shot by Loui Eriksson.
6:48 of 2nd period - Stopped by Ilya Bryzgalov without a rebound.
6:49 of 2nd period - Joe Sakic wins face-off versus Jason Allison in Jets zone.
7:23 of 2nd period - Snap shot by Jason Arnott.
7:23 of 2nd period - Shot Misses the Net.
7:37 of 2nd period - Martin Erat is hit by Daniel Carcillo and loses puck.
7:42 of 2nd period - Wrist shot by Daniel Carcillo.
7:42 of 2nd period - Shot Misses the Net.
7:44 of 2nd period - Slapshot by Francis Bouillon.
7:44 of 2nd period - Shot Blocked by Bryce Salvador.
7:46 of 2nd period - Snap shot by Francis Bouillon.
7:46 of 2nd period - Stopped by Ilya Bryzgalov with a rebound.
8:16 of 2nd period - Pavel Kubina is hit by Joe Sakic and loses puck.
8:34 of 2nd period - Jason Allison is hit by Chris Gratton and loses puck.
8:49 of 2nd period - Snap shot by Scott Gomez.
8:49 of 2nd period - Stopped by Ilya Bryzgalov with a rebound.
8:51 of 2nd period - Slapshot by Francis Bouillon.
8:51 of 2nd period - Shot Misses the Net.
8:53 of 2nd period - Snap shot by Hnat Domenichelli.
8:53 of 2nd period - Stopped by Ilya Bryzgalov without a rebound.
8:54 of 2nd period - Scott Gomez wins face-off versus Jason Arnott in Jets zone.
8:55 of 2nd period - Slapshot by Hnat Domenichelli.
8:55 of 2nd period - Stopped by Ilya Bryzgalov with a rebound.
9:01 of 2nd period - Backhand shot by Nicklas Lidstrom.
9:01 of 2nd period - Stopped by Ilya Bryzgalov with a rebound.
9:03 of 2nd period - Slapshot by Nicklas Lidstrom.
9:03 of 2nd period - Stopped by Ilya Bryzgalov with a rebound.
9:05 of 2nd period - Wrist shot by Scott Gomez.
9:05 of 2nd period - Shot Blocked by Bryce Salvador.
9:07 of 2nd period - Wrist shot by Scott Gomez.
9:07 of 2nd period - Goal by Scott Gomez - Blackhawks : 3 - Jets : 4.
9:08 of 2nd period - Jason Allison wins face-off versus Joe Sakic in neutral zone.
9:15 of 2nd period - Alexei Kovalev is hit by Dmitri Kalinin and loses puck.
9:35 of 2nd period - Off-side.
9:36 of 2nd period - Scott Gomez wins face-off versus Jason Arnott in neutral zone.
9:45 of 2nd period - Wrist shot by Hnat Domenichelli.
9:45 of 2nd period - Goal by Hnat Domenichelli - Blackhawks : 4 - Jets : 4.
9:46 of 2nd period - Jason Allison wins face-off versus Joe Sakic in neutral zone.
10:12 of 2nd period - Nicklas Lidstrom is hit by Jason Arnott and loses puck.
10:35 of 2nd period - Wrist shot by Loui Eriksson.
10:35 of 2nd period - Shot Misses the Net.
10:54 of 2nd period - Off-side.
10:55 of 2nd period - Brooks Laich wins face-off versus Tuomo Ruutu in neutral zone.
11:08 of 2nd period - Slapshot by Nicklas Lidstrom.
11:08 of 2nd period - Deflect By Brooks Laich.
11:08 of 2nd period - Shot Blocked by Niklas Kronwall.
11:08 of 2nd period - Puck is out of play.
11:09 of 2nd period - Joe Sakic wins face-off versus Jason Allison in Jets zone.
11:12 of 2nd period - Snap shot by Kris Versteeg.
11:12 of 2nd period - Deflect By Joe Sakic.
11:12 of 2nd period - Stopped by Ilya Bryzgalov with a rebound.
11:41 of 2nd period - Wrist shot by Scott Gomez.
11:41 of 2nd period - Shot Hit the Post.
11:43 of 2nd period - Slapshot by Kristopher Letang.
11:43 of 2nd period - Shot Blocked by Adam Burish.
11:45 of 2nd period - Snap shot by Colby Armstrong.
11:45 of 2nd period - Shot Misses the Net.
12:13 of 2nd period - Icing by Sergei Shirokov.
12:14 of 2nd period - Chris Gratton wins face-off versus Tuomo Ruutu in Blackhawks zone.
12:14 of 2nd period - Chris Gratton is hit by Tuomo Ruutu.
12:36 of 2nd period - Joe Sakic is hit by Jeff Schultz and loses puck.
12:40 of 2nd period - Minor Penalty to Kris Versteeg for High sticking.
12:41 of 2nd period - Jason Allison wins face-off versus Chris Gratton in Blackhawks zone.
12:48 of 2nd period - Wrist shot by Shane Doan.
12:48 of 2nd period - Shot Misses the Net.
13:17 of 2nd period - Snap shot by Pavel Kubina.
13:17 of 2nd period - Goal by Pavel Kubina - Blackhawks : 4 - Jets : 5.
13:18 of 2nd period - Joe Sakic wins face-off versus Jason Allison in neutral zone.
13:43 of 2nd period - Bryce Salvador is hit by Hnat Domenichelli and loses puck.
15:07 of 2nd period - Snap shot by Adam Burish.
15:07 of 2nd period - Stopped by Jocelyn Thibault with a rebound.
15:15 of 2nd period - Snap shot by Adam Burish.
15:15 of 2nd period - Shot Misses the Net.
15:51 of 2nd period - Slapshot by Kristopher Letang.
15:51 of 2nd period - Shot Blocked by Pavel Kubina.
16:07 of 2nd period - Icing by Pavel Kubina.
16:08 of 2nd period - Tuomo Ruutu wins face-off versus Joe Sakic in Jets zone.
16:58 of 2nd period - Slapshot by Keith Tkachuk.
16:58 of 2nd period - Shot Misses the Net.
17:20 of 2nd period - Snap shot by Brooks Laich.
17:20 of 2nd period - Stopped by Ilya Bryzgalov with a rebound.
17:22 of 2nd period - Wrist shot by Brad Ference.
17:22 of 2nd period - Shot Misses the Net.
17:24 of 2nd period - Snap shot by Chris Clark.
17:24 of 2nd period - Stopped by Ilya Bryzgalov without a rebound.
17:25 of 2nd period - Joe Sakic wins face-off versus Jason Allison in Jets zone.
17:28 of 2nd period - Slapshot by Joe Sakic.
17:28 of 2nd period - Goal by Joe Sakic - Blackhawks : 5 - Jets : 5.
17:29 of 2nd period - Jason Allison wins face-off versus Joe Sakic in neutral zone.
17:34 of 2nd period - Alexei Kovalev is hit by Shane Doan and loses puck.
17:41 of 2nd period - Backhand shot by Shane Doan.
17:41 of 2nd period - Shot Misses the Net.
17:43 of 2nd period - Slapshot by Bryce Salvador.
17:43 of 2nd period - Stopped by Jocelyn Thibault without a rebound.
17:44 of 2nd period - Jason Arnott wins face-off versus Scott Gomez in Blackhawks zone.
18:09 of 2nd period - Alexei Kovalev is hit by Shane Doan and loses puck.
18:35 of 2nd period - Slapshot by Darroll Powe.
18:35 of 2nd period - Shot Misses the Net.
19:10 of 2nd period - Off-side.
19:11 of 2nd period - Scott Gomez wins face-off versus Jason Arnott in neutral zone.
19:38 of 2nd period - Nicklas Lidstrom is hit by Shane Doan and loses puck.
19:45 of 2nd period - Snap shot by Shane Doan.
19:45 of 2nd period - Stopped by Jocelyn Thibault with a rebound.
19:46 of 2nd period - Minor Penalty to Benoit Pouliot for Hooking.
19:47 of 2nd period - Joe Sakic wins face-off versus Jason Arnott in Jets zone.
3rd period
0:01 of 3rd period - Joe Sakic wins face-off versus Jason Arnott in neutral zone.
0:06 of 3rd period - Slapshot by Kristopher Letang.
0:06 of 3rd period - Stopped by Ilya Bryzgalov without a rebound.
0:07 of 3rd period - Joe Sakic wins face-off versus Jason Arnott in Jets zone.
1:25 of 3rd period - Mike Leclerc is hit by Steve McCarthy and loses puck.
1:46 of 3rd period - Penalty to Benoit Pouliot is over, Benoit Pouliot is back on ice.
2:22 of 3rd period - Jeff Schultz is hit by Chris Gratton.
2:36 of 3rd period - Chris Clark is hit by Keith Tkachuk and loses puck.
2:47 of 3rd period - Brad Ference is hit by Niklas Kronwall and loses puck.
3:25 of 3rd period - Slapshot by Pavel Kubina.
3:25 of 3rd period - Shot Blocked by Scott Gomez.
3:39 of 3rd period - Jason Allison is hit by Kris Versteeg and loses puck.
3:50 of 3rd period - Chris Gratton is hit by Bryce Salvador and loses puck.
4:09 of 3rd period - Slapshot by Tuomo Ruutu.
4:09 of 3rd period - Shot Misses the Net.
4:11 of 3rd period - Slapshot by Colin White.
4:11 of 3rd period - Stopped by Jocelyn Thibault with a rebound.
4:21 of 3rd period - Joe Sakic is hit by Keith Tkachuk and loses puck.
4:38 of 3rd period - Brad Ference is hit by Jussi Jokinen and loses puck.
4:42 of 3rd period - Minor Penalty to Jussi Jokinen for Hooking.
4:43 of 3rd period - Jason Arnott wins face-off versus Kris Versteeg in Jets zone.
4:52 of 3rd period - Slapshot by Alexei Kovalev.
4:52 of 3rd period - Shot Misses the Net.
5:10 of 3rd period - Jason Arnott is hit by Nicklas Lidstrom and loses puck.
5:15 of 3rd period - Snap shot by Scott Gomez.
5:15 of 3rd period - Shot Blocked by Bryce Salvador.
5:17 of 3rd period - Snap shot by Brooks Laich.
5:17 of 3rd period - Shot Misses the Net.
5:19 of 3rd period - Slapshot by Steve McCarthy.
5:19 of 3rd period - Shot Blocked by Bryce Salvador.
5:51 of 3rd period - Steve McCarthy is hit by Tuomo Ruutu and loses puck.
6:22 of 3rd period - Kristopher Letang is hit by Colin White and loses puck.
6:42 of 3rd period - Penalty to Jussi Jokinen is over, Jussi Jokinen is back on ice.
6:45 of 3rd period - Benoit Pouliot is hit by Chris Clark and loses puck.
7:00 of 3rd period - Benoit Pouliot is hit by Chris Gratton and loses puck.
8:16 of 3rd period - Sergei Shirokov is hit by Jussi Jokinen and loses puck.
8:35 of 3rd period - Bryce Salvador is hit by Scott Gomez and loses puck.
8:48 of 3rd period - Snap shot by Shane Doan.
8:48 of 3rd period - Stopped by Jocelyn Thibault without a rebound.
8:49 of 3rd period - Jason Allison wins face-off versus Joe Sakic in Blackhawks zone.
8:58 of 3rd period - Slapshot by Benoit Pouliot.
8:58 of 3rd period - Shot Blocked by Craig Rivet.
9:00 of 3rd period - Snap shot by Benoit Pouliot.
9:00 of 3rd period - Stopped by Jocelyn Thibault without a rebound.
9:01 of 3rd period - Jason Arnott wins face-off versus Joe Sakic in Blackhawks zone.
9:02 of 3rd period - Wrist shot by Adam Burish.
9:02 of 3rd period - Stopped by Jocelyn Thibault without a rebound.
9:03 of 3rd period - Jason Arnott wins face-off versus Joe Sakic in Blackhawks zone.
9:32 of 3rd period - Snap shot by Scott Gomez.
9:32 of 3rd period - Stopped by Ilya Bryzgalov with a rebound.
9:34 of 3rd period - Slapshot by Steve McCarthy.
9:34 of 3rd period - Shot Blocked by Benoit Pouliot.
9:50 of 3rd period - Snap shot by Jussi Jokinen.
9:50 of 3rd period - Shot Blocked by Sergei Shirokov.
9:52 of 3rd period - Wrist shot by Martin Erat.
9:52 of 3rd period - Stopped by Jocelyn Thibault with a rebound.
9:54 of 3rd period - Snap shot by Martin Erat.
9:54 of 3rd period - Shot Misses the Net.
9:56 of 3rd period - Snap shot by Darroll Powe.
9:56 of 3rd period - Shot Blocked by Craig Rivet.
9:58 of 3rd period - Wrist shot by Jussi Jokinen.
9:58 of 3rd period - Shot Misses the Net.
10:00 of 3rd period - Snap shot by Bryce Salvador.
10:00 of 3rd period - Shot Blocked by Craig Rivet.
10:02 of 3rd period - Snap shot by Darroll Powe.
10:02 of 3rd period - Shot Blocked by Craig Rivet.
11:21 of 3rd period - Slapshot by Loui Eriksson.
11:21 of 3rd period - Shot Misses the Net.
11:33 of 3rd period - Wrist shot by Tuomo Ruutu.
11:33 of 3rd period - Shot Blocked by Chris Clark.
11:35 of 3rd period - Slapshot by Niklas Kronwall.
11:35 of 3rd period - Shot Blocked by Brad Ference.
11:37 of 3rd period - Snap shot by Tuomo Ruutu.
11:37 of 3rd period - Goal by Tuomo Ruutu - Blackhawks : 5 - Jets : 6.
11:38 of 3rd period - Joe Sakic wins face-off versus Jason Allison in neutral zone.
11:41 of 3rd period - Dmitri Kalinin is hit by Alexei Kovalev and loses puck.
11:51 of 3rd period - Off-side.
11:52 of 3rd period - Jason Arnott wins face-off versus Joe Sakic in neutral zone.
12:07 of 3rd period - Adam Burish is hit by Nicklas Lidstrom and loses puck.
12:23 of 3rd period - Wrist shot by Shane Doan.
12:23 of 3rd period - Stopped by Jocelyn Thibault without a rebound.
12:24 of 3rd period - Scott Gomez wins face-off versus Jason Allison in Blackhawks zone.
12:34 of 3rd period - Minor Penalty to Jeff Schultz for High sticking.
12:35 of 3rd period - Jason Arnott wins face-off versus Joe Sakic in Jets zone.
13:43 of 3rd period - Pavel Kubina is hit by Scott Gomez.
14:03 of 3rd period - Adam Burish is hit by Nicklas Lidstrom and loses puck.
14:34 of 3rd period - Penalty to Jeff Schultz is over, Jeff Schultz is back on ice.
14:43 of 3rd period - Snap shot by Chris Gratton.
14:43 of 3rd period - Shot Blocked by Niklas Kronwall.
14:45 of 3rd period - Slapshot by Steve McCarthy.
14:45 of 3rd period - Shot Misses the Net.
14:47 of 3rd period - Wrist shot by Sergei Shirokov.
14:47 of 3rd period - Goal by Sergei Shirokov - Blackhawks : 6 - Jets : 6.
14:48 of 3rd period - Jason Allison wins face-off versus Hnat Domenichelli in neutral zone.
14:53 of 3rd period - Snap shot by Jason Allison.
14:53 of 3rd period - Goal by Jason Allison - Blackhawks : 6 - Jets : 7.
14:54 of 3rd period - Joe Sakic wins face-off versus Jason Allison in neutral zone.
15:21 of 3rd period - Loui Eriksson is hit by Darroll Powe.
17:04 of 3rd period - Snap shot by Daniel Carcillo.
17:04 of 3rd period - Stopped by Ilya Bryzgalov with a rebound.
17:14 of 3rd period - Wrist shot by Daniel Carcillo.
17:14 of 3rd period - Stopped by Ilya Bryzgalov without a rebound.
17:15 of 3rd period - Jason Arnott wins face-off versus Chris Gratton in Jets zone.
17:43 of 3rd period - Snap shot by Joe Sakic.
17:43 of 3rd period - Shot Misses the Net.
17:45 of 3rd period - Slapshot by Alexei Kovalev.
17:45 of 3rd period - Shot Misses the Net.
17:47 of 3rd period - Backhand shot by Alexei Kovalev.
17:47 of 3rd period - Stopped by Ilya Bryzgalov with a rebound.
17:49 of 3rd period - Slapshot by Kris Versteeg.
17:49 of 3rd period - Stopped by Ilya Bryzgalov with a rebound.
17:51 of 3rd period - Slapshot by Kristopher Letang.
17:51 of 3rd period - Stopped by Ilya Bryzgalov with a rebound.
17:53 of 3rd period - Wrist shot by Joe Sakic.
17:53 of 3rd period - Stopped by Ilya Bryzgalov with a rebound.
18:49 of 3rd period - Slapshot by Brad Ference.
18:49 of 3rd period - Shot Blocked by Bryce Salvador.
19:10 of 3rd period - Wrist shot by Jason Arnott.
19:10 of 3rd period - Shot Misses the Net.
19:12 of 3rd period - Slapshot by Bryce Salvador.
19:12 of 3rd period - Shot Misses the Net.
19:14 of 3rd period - Wrist shot by Adam Burish.
19:14 of 3rd period - Shot Misses the Net.
19:16 of 3rd period - Slapshot by Bryce Salvador.
19:16 of 3rd period - Shot Blocked by Nicklas Lidstrom.
19:17 of 3rd period - Minor Penalty to Nicklas Lidstrom for Hooking.
19:18 of 3rd period - Benoit Pouliot wins face-off versus Chris Gratton in Blackhawks zone.
19:23 of 3rd period - Wrist shot by Shane Doan.
19:23 of 3rd period - Stopped by Jocelyn Thibault with a rebound.
19:25 of 3rd period - Snap shot by Niklas Kronwall.
19:25 of 3rd period - Shot Misses the Net.
19:26 of 3rd period - Minor Penalty to Colby Armstrong for Holding Stick.
19:27 of 3rd period - Jason Allison wins face-off versus Joe Sakic in Blackhawks zone.
Output by the SimonT Hockey Simulator (STHS) for François Prévost -- Original Page W3C XHTML 1.0 Valid